 Dungeon Crawl Stone Soup version 0.24.1-1-gd1d2a07e1b (webtiles) character file.

Game seed: 1075093061978057589, levelgen mode: deterministic

60 nightchill the Poker (level 4, -1/37 HPs)
             Began as a Merfolk Abyssal Knight on Apr 8, 2020.
             Was a Follower of Lugonu.
             Succumbed to an adder's poison
             ... on level 2 of the Dungeon.
             The game lasted 00:04:16 (1508 turns).

nightchill the Poker (Merfolk Abyssal Knight)       Turns: 1508, Time: 00:04:17

Health: -1/37      AC:  6    Str: 13    XL:     4   Next: 6%
Magic:  6/6        EV: 11    Int: 11    God:    Lugonu [*.....]
Gold:   158        SH:  0    Dex: 13    Spells: 3/3 levels left

rFire    . . .     SeeInvis .   a - +1 spear
rCold    . . .     Gourm    .   (no shield)
rNeg     . . .     Faith    .   k - +0 ring mail
rPois    .         Spirit   .   (no helmet)
rElec    .         Reflect  .   j - +0 cloak (curse)
rCorr    .         Harm     .   (no gloves)
MR       .....                  (no boots)
Stlth    +.........             (no amulet)
HPRegen  0.12/turn              (no ring)
MPRegen  0.10/turn              (no ring)

@: lethally poisoned (-1 -> -17)
A: change form in water, swift swim, stealthy swim
a: Depart the Abyss, Renounce Religion


You were on level 2 of the Dungeon.
You worshipped Lugonu.
Lugonu was aware of your devotion.
You were not hungry.

You visited 1 branch of the dungeon, and saw 2 of its levels.
You visited the Abyss 1 time.

You collected 158 gold pieces.

Inventory:

Hand Weapons
 a - a +1 spear (weapon)
Missiles
 d - 41 stones (quivered)
 l - 8 javelins
Armour
 b - a +0 leather armour
 e - a +0 shield
 j - a cursed +0 cloak (worn)
 k - a +0 ring mail (worn)
Jewellery
 i - an uncursed amulet of the acrobat {unknown}
 p - a cursed amulet of magic regeneration {unknown}
Wands
 q - a wand of flame (24)
Scrolls
 f - 3 scrolls of remove curse {unknown}
 g - 5 scrolls of identify {unknown}
 m - a scroll of magic mapping {unknown}
 s - 2 scrolls of teleportation {unknown}
Potions
 h - a potion of haste {unknown}
 n - a potion of curing {unknown}
 o - 2 potions of ambrosia {unknown}
Comestibles
 c - 3 rations
 r - a chunk of flesh


   Skills:
 + Level 3.8 Fighting
 * Level 4.8 Polearms
 - Level 0.6 Armour
 - Level 2.6 Dodging
 + Level 2.8 Invocations


You had 3 spell levels left.
You didn't know any spells.
Your spell library was empty.

Dungeon Overview and Level Annotations

Branches:
Dungeon (2/15)

Altars:
Fedhas

Annotations:
D:2 quit


Message History

You feel sick. The adder barely misses you. The adder misses you.
The adder bites you.
* * * LOW HITPOINT WARNING * * *
You are more poisoned.
The adder poisons you!
* * * LOW HITPOINT WARNING * * *
You feel sick. The adder bites you.
* * * LOW HITPOINT WARNING * * *
You are more poisoned.
The adder poisons you!
* * * LOW HITPOINT WARNING * * *
You feel sick. The adder bites you.
* * * LOW HITPOINT WARNING * * *
The adder barely misses you.
* * * LOW HITPOINT WARNING * * *
You feel sick. The adder bites you.
* * * LOW HITPOINT WARNING * * *
You are more poisoned.
The adder poisons you!
You die...

.... .... ..... .....
...... ####
......######...#
.......S@....#.#
......#.#....<.#######
..... #..<##.##......#
.### ##..#..##......#
####....# #......#
###..รท...## #......#
#...#....# #..)...#
#.##..#..# #......####
# #.##.## ##..........


You could see an adder.

Vanquished Creatures
  2 adders (D:2)
  An ooze (D:2)
  A dart slug (D:2)
  6 bats
  A giant cockroach (D:2)
  3 goblins
  4 hobgoblins
  3 jackals (D:2)
  6 kobolds
  A quokka (D:2)
  A ball python (D:1)
  A frilled lizard (D:1)
  4 rats
34 creatures vanquished.

Notes
Turn   | Place    | Note
-------+----------+-------------------------------------------
     0 | Abyss:1  | nightchill the Merfolk Abyssal Knight began the quest for
                  | the Orb.
     0 | Abyss:1  | Reached XP level 1. HP: 18/18 MP: 2/2
   259 | Abyss:1  | Noticed a blink frog
   270 | Abyss:1  | Noticed a tentacled starspawn
   285 | Abyss:1  | Noticed a glowing orange brain
   298 | D:1      | Escaped the Abyss
   427 | D:1      | Reached XP level 2. HP: 24/24 MP: 3/3
   865 | D:2      | Reached skill level 4 in Polearms
   885 | D:2      | Reached * piety under Lugonu
   891 | D:2      | Reached XP level 3. HP: 6/29 MP: 4/4
  1217 | D:2      | Found a blossoming altar of Fedhas.
  1326 | D:2      | Reached XP level 4. HP: 23/37 MP: 4/6
  1507 | D:2      | HP: 1/37 [adder (4)]
  1508 | D:2      | Succumbed to an adder's poison

Levels and vault maps discovered:
D:1:      minmay_arrival_cross, layout_basic, minmay_misc_feat_tiny
D:2:      layout_rooms, fedhas_altar_1, kennysheep_slug_shrine, first_ration,
          nicolae_tso_carved_into_rock

Skill      XL: |  1  2 |
---------------+-------+-----
Polearms       | 4 |  4.8
Fighting       | |  3.8
Armour         | |  0.6
Dodging        | |  2.6
Invocations    | |  2.8

Action                   |  1- 3 |  4- 6 || total
-------------------------+-------+-------++-------
Melee: Spear             |   108 |    12 ||   120
Invok: Depart the Abyss  |     1 |       ||     1
  Eat: Chunk             |     1 |     1 ||     2
Armor: Ring mail         |    39 |    19 ||    58
Dodge: Dodged            |    68 |    22 ||    90
